 Dungeon Crawl Stone Soup version 0.30-a0-879-ga8ba668304 (webtiles) character file.

Game seed: 2849969724498281204

426 kenny the Conjurer (level 6, -3/32 HPs)
             Began as a Deep Elf Conjurer on Mar 12, 2023.
             Was a Follower of the Shining One.
             Slain by an ice beast (12 damage)
             ... on level 4 of the Dungeon.
             The game lasted 00:07:51 (4108 turns).

kenny the Conjurer (Deep Elf Conjurer)              Turns: 4108, Time: 00:07:53

Health: -3/32      AC:  2    Str:  6    XL:     6   Next: 64%
Magic:  13/17      EV: 12    Int: 23    God:    the Shining One [*.....]
Gold:   194        SH:  0    Dex: 13    Spells: 6/17 levels left

rFire   . . .      SeeInvis .    n - +2 dagger (venom)
rCold   . . .      Faith    .    (no shield)
rNeg    + . .      Spirit   .    a - +0 robe
rPois   .          Reflect  .    (no helmet)
rElec   .          Rampage  .    (no cloak)
rCorr   .                        (no gloves)
Will    .....                    (no boots)
Stlth   +                        (no amulet)
HPRegen 0.25/turn                m - ring of positive energy
MPRegen 0.15/turn                (no ring)

@: glowing
A: no striking features
a: Renounce Religion, Divine Shield


You were on level 4 of the Dungeon.
You worshipped the Shining One.
The Shining One was aware of your devotion.
You visited 1 branch of the dungeon, and saw 4 of its levels.

You collected 194 gold pieces.

Inventory:

Hand Weapons
 n - a +2 dagger of venom (weapon)
Armour
 a - a +0 robe (worn)
Jewellery
 m - a ring of positive energy (left hand)
Wands
 f - a wand of digging (5)
 t - a wand of flame (15)
Scrolls
 c - a scroll of identify {unknown}
 d - a scroll of butterflies {unknown}
 h - 5 scrolls of teleportation
 i - a scroll of brand weapon {unknown}
 j - a scroll of vulnerability
 k - 2 scrolls of immolation {unknown}
 l - a scroll of fear {unknown}
 p - a scroll of enchant armour {unknown}
 q - a scroll of torment {unknown}
 s - a scroll of enchant weapon {unknown}
Potions
 e - a potion of curing
 g - a potion of degeneration {unknown}
 o - a potion of flight {unknown}
 r - a potion of resistance {unknown}


   Skills:
 + Level 0.2 Fighting
 + Level 0.5 Short Blades
 + Level 2.8 Dodging
 - Level 3.2 Stealth
 + Level 6.2 Spellcasting
 + Level 7.0 Conjurations


You had 6 spell levels left.
You knew the following spells:

 Your Spells              Type           Power      Damage    Failure   Level
a - Magic Dart            Conj           100%       1d8       1%          1
b - Searing Ray           Conj           78%        2d7       1%          2
c - Fulminant Prism       Conj/Hex       11%        3d8       19%         4
d - Iskenderun's Mystic   Conj/Tloc      23%        2d6       19%         4

Your spell library contained the following spells:

 Spells                   Type           Power      Damage    Failure   Level
 Dazzling Flash           Conj/Hex       46%        N/A       6%          3


Dungeon Overview and Level Annotations

Branches:
Dungeon (4/15)
 Temple: D:4-7

Altars:
The Shining One


Message History

The blast of energy engulfs the ice beast!
The ice beast is severely wounded.
You hear an angry hiss.
You hit the ice beast but do no damage.
The ice beast is severely wounded.
The ice beast misses you.
You hit the ice beast but do no damage.
The ice beast is severely wounded.
The ice beast barely misses you.
An adder comes into view.
You hit the ice beast but do no damage.
The ice beast is severely wounded.
The ice beast hits you. The ice beast freezes you!
Casting: Fulminant Prism (extremely dangerous; 19% risk of failure)
Confirm with . or Enter, or press ? or * to list all spells.
Okay, then.
Casting: Fulminant Prism (extremely dangerous; 19% risk of failure)
Confirm with . or Enter, or press ? or * to list all spells.
Aiming: Searing Ray (safe; 1% risk of failure)
Press: ? - help, Shift-Dir - straight line, f - ice beast
Aim: an ice beast (severely wounded, haloed, 85% to hit)
The searing ray hits the ice beast.
The ice beast is severely wounded. (Press . to maintain the ray.)
The ice beast barely misses you. Magic courses through your body.
The ice beast misses you.
Casting: Searing Ray (safe; 1% risk of failure)
Confirm with . or Enter, or press ? or * to list all spells.
Okay, then.
Casting: Searing Ray (safe; 1% risk of failure)
Confirm with . or Enter, or press ? or * to list all spells.
The spell is extremely dangerous to miscast (19% risk of failure)!
Continue anyway?
Aiming: Fulminant Prism (extremely dangerous; 19% risk of failure)
Press: ? - help, Dir - move target, p - ice beast You conjure a prism of explosive energy!
A fulminant prism comes into view.
The ice beast hits you.
* * * LOW HITPOINT WARNING * * *
The ice beast freezes you!
You die...

# . # . ... # #.#
# # #!# # # #. #.#
.# # #.##S##.#
##### #..*....#
....# #...Y...#
###.# #@#
.##.##### #.#
........# #.#
###.###.########.#
....# #..........#
##### ############


You could see an ice beast, an adder (ally target) and a friendly fulminant
prism.

Vanquished Creatures
  Eustachio (D:3)
  A scorpion (D:4)
  A howler monkey (D:2)
  Ijyb (D:4)
  4 adders
  4 gnolls (D:2)
  A worm (D:2)
  A dart slug (D:2)
  2 orcs (D:3)
  4 bats
  6 endoplasms
  9 giant cockroaches
  6 goblins
  4 hobgoblins
  13 kobolds
  3 quokkas
  2 ball pythons
  A frilled lizard (D:1)
  9 rats
  A fulminant prism (D:3)
74 creatures vanquished.

Vanquished Creatures (others)
  3 fulminant prisms (D:4)
3 creatures vanquished.

Grand Total: 77 creatures vanquished

Notes
Turn   | Place    | Note
-------+----------+-------------------------------------------
     0 | D:1      | kenny the Deep Elf Conjurer began the quest for the Orb.
     0 | D:1      | Reached XP level 1. HP: 10/10 MP: 6/6
   329 | D:1      | Reached XP level 2. HP: 15/15 MP: 5/8
   648 | D:1      | Reached skill level 5 in Conjurations
  1341 | D:2      | Reached XP level 3. HP: 19/19 MP: 3/9
  1515 | D:2      | Reached XP level 4. HP: 24/24 MP: 0/11
  1804 | D:2      | Learned a level 2 spell: Searing Ray
  1809 | D:2      | Learned a level 4 spell: Fulminant Prism
  1939 | D:2      | Reached skill level 6 in Conjurations
  2146 | D:2      | Reached XP level 5. HP: 28/28 MP: 8/13
  2320 | D:2      | Found a faded altar of an unknown god.
  2476 | D:2      | Prayed at the altar of an unknown god.
  2476 | D:2      | Became a worshipper of the Shining One
  2476 | D:2      | Reached * piety under the Shining One
  3534 | D:4      | Noticed Eustachio
  3548 | D:3      | Killed Eustachio
  3549 | D:3      | Reached skill level 5 in Spellcasting
  3549 | D:3      | Reached XP level 6. HP: 17/32 MP: 4/16
  3724 | D:4      | Learned a level 4 spell: Iskenderun's Mystic Blast
  3761 | D:4      | Reached skill level 7 in Conjurations
  3850 | D:4      | Noticed Ijyb
  3854 | D:4      | Killed Ijyb
  4095 | D:4      | Noticed an ice beast
  4108 | D:4      | Slain by an ice beast

Illustrated notes

Levels and vault maps discovered:
D:1:      dpeg_arrival_round_a, layout_basic
D:2:      layout_basic, serial_glass, glass_columns_a, glass_columns_a,
          glass_columns_c, glass_columns_c, glass_columns_b, glass_columns_b,
          shapermc_ecumenical_altar_acropolis, minmay_crystal_room,
          chequers_serial_rivers_large_a, kennysheep_decorative_pillar
D:3:      layout_loops_ring
D:4:      layout_loops_cross, uniq_ijyb, uniq_eustachio

Skill      XL: |  1  2  3  4  5  6 |
---------------+-------------------+-----
Conjurations   | 5 6 7 |  7.0
Spellcasting   | 4 5 6 |  6.2
Stealth        | 3 |  3.2
Fighting       | |  0.2
Short Blades   | |  0.5
Dodging        | |  2.8

Action                     |  1- 3 |  4- 6 || total
---------------------------+-------+-------++-------
  Melee: Dagger            |       |     7 ||     7
   Cast: Magic Dart        |    50 |    92 ||   142
         Searing Ray       |       |     7 ||     7
         Fulminant Prism   |       |     5 ||     5
         Iskenderun's Myst |       |     2 ||     2
    Use: Scroll            |       |     2 ||     2
         Potion            |       |     3 ||     3
  Dodge: Dodged            |     2 |    12 ||    14

Table legend: (Time is in decaauts)
 A = Elapsed time spent in this place.
 B = Non-inter-level travel time spent in this place.
 C = Inter-level travel time spent in this place.
 D = Time resting spent in this place.
 E = Time spent auto-exploring this place.
 F = Levels seen in this place.
 G = Mean time per level.
                   A        B        C        D        E       F      G
               +--------+--------+--------+--------+--------+-----+--------+
         Total |   4112 |   3831 |    281 |    619 |   2857 |   4 | 1028.0 |
       Dungeon |   4112 |   3831 |    281 |    619 |   2857 |   4 | 1028.0 |
               +--------+--------+--------+--------+--------+-----+--------+

Top non-repeatable levels by time:
     D:1: 1557 daAuts
     D:2: 1230 daAuts
     D:3: 840 daAuts
     D:4: 484 daAuts
